 Dungeon Crawl Stone Soup version 0.18-b1-22-ge198996 (webtiles) character file.

205 Jorlmund the Cudgeler (level 5, 0/41 HPs)
             Began as a Demonspawn Berserker on May 3, 2016.
             Was a Believer of Trog.
             Succumbed to an orc wizard's poison
             ... on level 2 of the Dungeon.
             The game lasted 00:07:17 (2483 turns).

Jorlmund the Cudgeler (Demonspawn Berserker)        Turns: 2483, Time: 00:07:18

Health: 0/41       AC: 12    Str: 18    XL:     5   Next: 52%
Magic:  5/5        EV:  6    Int:  8    God:    Trog [**....]
Gold:   137        SH:  0    Dex: 13    Spells: 0 memorised, 4 levels left

rFire  . . .     SeeInvis .     a - +1 mace
rCold  . . .     Gourm    .     d - +0 plate armour
rNeg   + . .     Faith    .     (no shield)
rPois  .         Spirit   +     f - +0 helmet
rElec  .         Dismiss  .     (no cloak)
rCorr  .         Reflect  .     (no gloves)
SustAt .         Harm     .     (no boots)
MR     .....                    (no amulet)
Stlth  ..........               k - ring of positive energy
                                j - ring of loudness (curse)

@: lethally poisoned (0 -> -4), exhausted, not resistant to hostile
enchantments, extremely unstealthy
A: hooves 2, magic shield
a: Berserk, Trog's Hand, Burn Spellbooks, Renounce Religion


You were on level 2 of the Dungeon.
You worshipped Trog.
Trog was pleased with you.
You were very hungry.

You visited 1 branch of the dungeon, and saw 3 of its levels.

You collected 137 gold pieces.

Inventory:

Hand Weapons
 a - a +1 mace (weapon)
Missiles
 p - 35 arrows
 q - 14 poisoned needles
Armour
 b - a +0 animal skin
 d - a +0 plate armour (worn)
 f - a +0 helmet (worn)
Jewellery
 j - a cursed ring of loudness (left hand)
 k - a ring of positive energy (right hand)
Scrolls
 e - 2 scrolls of enchant weapon
 i - a scroll of teleportation {unknown}
 l - a scroll of enchant armour {unknown}
 m - a scroll of random uselessness {unknown}
 n - a scroll of fear {unknown}
 o - a scroll of noise {unknown}
 r - a scroll of magic mapping {unknown}
 s - a scroll of amnesia {unknown}
Comestibles
 c - a bread ration
 g - a meat ration
 h - a beef jerky


   Skills:
 + Level 3.5 Fighting
 * Level 4.2 Maces & Flails
 * Level 3.8 Armour
 - Level 1.7 Dodging


You had 4 spell levels left.
You didn't know any spells.

Dungeon Overview and Level Annotations

Branches:
Dungeon (3/15)

Altars:
Yredelemnul


Innate Abilities, Weirdness & Mutations

You have hoof-like feet.
When hurt, damage is shared between your health and your magic reserves.


Message History

* * * LOW HITPOINT WARNING * * *
You feel sick.
* * * LOW HITPOINT WARNING * * *
You feel sick.
* * * LOW HITPOINT WARNING * * *
You feel sick.
* * * LOW HITPOINT WARNING * * *
You feel sick.
* * * LOW HITPOINT WARNING * * *
You feel sick.
* * * LOW HITPOINT WARNING * * *
You feel sick.
* * * LOW HITPOINT WARNING * * *
You feel sick.
You feel yourself speed up.
* * * LOW HITPOINT WARNING * * *
You feel sick.
* * * LOW HITPOINT WARNING * * *
You feel sick.
You die...

#.......# #.# #.......#
#.# #.......# #.#
#.......## #.# #........#
#.# #.######.## #.# #.#
#..# #.#
########.######.)# #.#
................@#######.#
########.................#
###################


There were no monsters in sight!

Vanquished Creatures
  2 orc priests (D:3)
  An orc wizard (D:3)
  7 adders
  2 oozes (D:1)
  A worm (D:2)
  2 giant geckos (D:1)
  2 orcs
  2 giant cockroaches
  3 goblins
  3 hobgoblins
  2 jackals (D:1)
  3 kobolds
  3 quokkas (D:2)
  2 ball pythons
  6 bats
  A giant newt (D:2)
  5 rats
47 creatures vanquished.

Notes
Turn   | Place    | Note
--------------------------------------------------------------
     0 | D:1      | Jorlmund the Demonspawn Berserker began the quest for the Orb.
     0 | D:1      | Reached XP level 1. HP: 18/18 MP: 1/1
   161 | D:1      | Reached skill level 3 in Maces & Flails
   161 | D:1      | Gained mutation: You have large cloven feet. [demonic ancestry]
   161 | D:1      | Reached XP level 2. HP: 17/24 MP: 2/2
   776 | D:2      | Reached XP level 3. HP: 29/29 MP: 3/3
  1000 | D:2      | Reached ** piety under Trog
  1216 | D:2      | Gained mutation: When hurt, damage is shared between your health and your magic reserves. [demonic ancestry]
  1216 | D:2      | Reached XP level 4. HP: 20/35 MP: 4/4
  2009 | D:3      | Reached skill level 4 in Maces & Flails
  2037 | D:3      | Found a basalt altar of Yredelemnul.
  2454 | D:3      | Gained mutation: You have hoof-like feet. [demonic ancestry]
  2454 | D:3      | Reached XP level 5. HP: 41/41 MP: 3/5
  2478 | D:2      | HP: 2/41 [poisoned by an orc wizard]
  2483 | D:2      | Succumbed to an orc wizard's poison

Skill      XL: |  1  2  3  4 |
---------------+-------------+-----
Maces & Flails | 3 4 |  4.2
Armour         | 2 3 |  3.8
Fighting       | |  3.5
Dodging        | |  1.7

Action                   |  1- 3 |  4- 6 || total
-------------------------+-------+-------++-------
Melee: Mace              |   104 |    54 ||   158
       Kick              |    16 |    12 ||    28
Invok: Berserk           |     1 |     1 ||     2
  Use: Scroll            |     1 |       ||     1
  Eat: Chunk             |     2 |     4 ||     6
Armor: Plate armour      |    85 |    40 ||   125
       Animal skin       |     1 |       ||     1
Dodge: Dodged            |    26 |    17 ||    43
